Map: Dreamcatcher LE

Players

NXZ

  • Race: Zerg Zerg
  • Spawn Location: 11:00

Nerchio - Winner!

  • Race: Zerg Zerg
  • Spawn Location: 5:00

Event: WCS Austin 2018

VOD

Have the link to the VOD?

Description

Time

  • Played on: June 1, 2018, 9:44 p.m.
  • Length: 4:34

All games in this series

Show
View Real Time Build Order
Export as new Build Order

NXZ Zerg 

Build Orders: Hatch First 

Get SALT Encoding   

  12  0:01  Drone  
  13  0:08  Drone  
  14  0:16  Overlord  
  14  0:21  Extractor  
  14  0:23  Drone  
  15  0:35  Drone x2  
  17  0:52  Hatchery  
  17  0:55  Drone  
  17  0:58  Drone  
  18  1:08  Extractor  
  17  1:12  Spawning Pool  
  17  1:16  Drone  
  17  1:19  Drone  
  18  1:27  Drone  
  19  1:37  Overlord  
  19  1:48  Drone  
  20  1:59  Drone, Queen  
  23  2:03  Queen  
  23  2:04  Zergling x2  
  26  2:10  Drone  
  27  2:15  Drone  
  27  2:20  Drone  
  29  2:25  Drone  
  30  2:32  Overlord  
  30  2:36  Lair  
  30  2:38  Drone  
  30  2:39  Queen  
  33  2:45  Drone  
  33  2:47  Drone  
  33  2:48  Evolution Chamber  
  34  2:55  Roach Warren  
  34  2:58  Drone  
  33  2:59  Drone  
  33  3:04  Drone  
  35  3:12  Drone x4  
  39  3:17  Drone  
  39  3:19  Drone  
  41  3:24  Evolution Chamber  
  40  3:27  Overlord  
  40  3:29  Drone  
  40  3:31  Drone  
  42  3:40  Extractor  
  41  3:41  Extractor  
  41  3:43  Evolution Chamber  
  41  3:44  Roach  
  41  3:45  Roach  
  41  3:47  Roach x2  
  47  3:50  Roach  
  49  3:57  Roach  
  49  4:00  Roach  
  51  4:02  Roach  
Show
View Real Time Build Order
Export as new Build Order

Nerchio Zerg - Winner!

Build Orders: Hatch First 

Get SALT Encoding   

  12  0:01  Drone  
  13  0:12  Overlord  
  13  0:17  Drone  
  14  0:30  Drone x2  
  16  0:49  Hatchery  
  15  0:52  Drone  
  15  0:55  Drone  
  17  0:59  Drone  
  18  1:09  Extractor  
  17  1:15  Spawning Pool  
  17  1:18  Drone  
  17  1:21  Drone  
  18  1:28  Drone  
  19  1:38  Overlord  
  19  1:50  Drone  
  20  2:01  Queen, Zergling x2  
  20  2:03  Queen, Zergling x2  
  26  2:08  Metabolic Boost  
  26  2:13  Drone  
  27  2:15  Drone  
  27  2:21  Drone  
  29  2:23  Drone  
  29  2:28  Baneling Nest  
  29  2:32  Drone  
  29  2:34  Drone  
  31  2:50  Hatchery  
  30  2:54  Zergling x2  
  30  2:55  Zergling x2  
  33  2:58  Zergling x2  
  33  3:02  Overlord  
  33  3:05  Zergling x2  
  34  3:08  Zergling x2  
  35  3:13  Zergling x2  
  36  3:20  Zergling x10  
  36  3:23  Zergling x2  
  36  3:26  Baneling x2  
  42  3:27  Baneling  
  42  3:28  Baneling  
  42  3:30  Zergling x2  
  42  3:33  Zergling x2  
  44  3:40  Overlord  
  44  3:42  Overlord  
  44  3:45  Baneling x2  
  41  3:55  Zergling x2  
  41  3:56  Zergling x4  
  41  3:58  Zergling x4  
  41  4:00  Zergling x2  
  46  4:06  Zergling x2  
  46  4:08  Zergling x2  
  46  4:10  Zergling x2  
  46  4:11  Zergling x2  
  46  4:15  Zergling x2  
  46  4:16  Zergling x4  
Tags
 
Add a new tag
Caveats
  • Supply blocks, unpowered buildings, or Contaminate may cause inaccurate times.
  • Supply counts are checked every 10 seconds.